 Dungeon Crawl Stone Soup version 0.25-a0-340-ga1faa1601d (webtiles) character file.

Game seed: 5636176751056221976, levelgen mode: classic

407580 Borgoz the Bludgeoner (level 23, -3/152 HPs)
             Began as a Gargoyle Fighter on Dec 29, 2019.
             Was the Champion of the Shining One.
             Killed from afar by a deep elf annihilator (51 damage)
             ... with an iron shot
             ... on level 3 of the Elven Halls.
             The game lasted 02:10:24 (55888 turns).

Borgoz the Bludgeoner (Gargoyle Fighter)           Turns: 55888, Time: 02:10:26

Health: -3/152     AC: 38    Str: 27    XL:     23   Next: 43%
Magic:  0/30       EV: 19    Int: 14    God:    the Shining One [******]
Gold:   2917       SH: 16    Dex: 14    Spells: 31/32 levels left

rFire    + . .     SeeInvis .   a - +6 flail of Xeuhyl {crush, +Rage rC+ Str+2 Int-3}
rCold    + . .     Gourm    .   R - +2 shield {reflect}
rNeg     + + +     Faith    .   W - +1 scale mail of Evolution {Str+4 Int+3}
rPois    ∞         Spirit   +   D - +0 hat {Int+3}
rElec    +         Reflect  +   O - +1 cloak {+Inv}
rCorr    .         Harm     .   g - +1 pair of gloves
MR       ++...                  x - +1 pair of boots
Stlth    ..........             G - amulet of guardian spirit
HPRegen  0.35/turn              I - ring of Xom's Capriciousness {rN+ MR+ Slay+5}
MPRegen  0.22/turn              H - ring of protection from fire

@: flying, glowing, studying Unarmed Combat
A: big wings, negative energy resistance 1, electricity resistance, weak 1,
unbreathing, petrification resistance, rot immunity, AC +17
}: 2/15 runes: barnacled, gossamer
a: Stop Flying, Divine Shield, Cleansing Flame, Summon Divine Warrior, Brand
Weapon With Holy Wrath, Renounce Religion, Evoke Berserk Rage, Evoke
Invisibility


You were on level 3 of the Elven Halls.
You worshipped the Shining One.
The Shining One was exalted by your worship.
You were not hungry.

You visited 8 branches of the dungeon, and saw 39 of its levels.
You also visited: Bailey, Ice Cave and Volcano.

You collected 4769 gold pieces.
You spent 1852 gold pieces at shops.

Inventory:

Hand Weapons
 a - the +6 flail of Xeuhyl (weapon) {crush, +Rage rC+ Str+2 Int-3}
   (You found it on level 10 of the Dungeon)

   It inflicts extra damage upon your enemies.
   It affects your strength (+2).
   It affects your intelligence (-3).
   It protects you from cold.
   It lets you go berserk.
 b - the +8 mace "Ditichaz" {flame, rElec rPois rF+ Dex+3}
   (You found it on level 6 of the Dungeon)

   It has been specially enchanted to burn those struck by it, causing extra
   injury to most foes and up to half again as much damage against particularly
   susceptible opponents.
   It affects your dexterity (+3).
   It protects you from fire.
   It insulates you from electricity.
   It protects you from poison.
 t - a +7 flail of holy wrath
 w - the +10 falchion of the Eight Beggars {freeze, Int+3}
   (You found it on level 1 of the Elven Halls)

   It has been specially enchanted to freeze those struck by it, causing extra
   injury to most foes and up to half again as much damage against particularly
   susceptible opponents.
   It can also slow down cold-blooded creatures.
   It affects your intelligence (+3).
Missiles
 s - 16 throwing nets (quivered)
Armour
 g - a +1 pair of gloves (worn)
 x - a +1 pair of boots (worn)
 D - a +0 hat of intelligence (worn)
 O - a +1 cloak of invisibility (worn)
 R - a +2 shield of reflection (worn)
 W - the +1 scale mail of Evolution (worn) {Str+4 Int+3}
   (You found it in an ice cave)

   It affects your strength (+4).
   It affects your intelligence (+3).
Jewellery
 z - an uncursed ring of ice
 G - an amulet of guardian spirit (around neck)
 H - a ring of protection from fire (right hand)
 I - the ring of Xom's Capriciousness (left hand) {rN+ MR+ Slay+5}
   (You bought it in a shop on level 2 of the Orcish Mines)

   [ring of positive energy]

   It affects your accuracy and damage with ranged weapons and melee attacks
   (+5).
   It protects you from negative energy.
   It affects your resistance to hostile enchantments.
 K - an uncursed ring of resist corrosion
 T - a ring "Rumpag" {Fire *Drain Str+5, unknown}
   (You found it on level 3 of the Elven Halls)

   [ring of fire]

   It enhances your fire magic.
   It affects your strength (+5).
   It protects you from fire.
   It makes you vulnerable to cold.
   It causes draining when unequipped.
Wands
 k - a wand of disintegration (13)
 u - a wand of paralysis (26)
 B - a wand of digging (18)
 J - a wand of acid (33)
 M - a wand of scattershot (5)
 U - a wand of iceblast (65)
Scrolls
 d - 23 scrolls of teleportation
 h - 13 scrolls of remove curse
 j - 8 scrolls of blinking
 l - 2 scrolls of enchant armour
 m - 8 scrolls of magic mapping
 n - 5 scrolls of identify
 r - a scroll of holy word
 v - 6 scrolls of fog
 y - a scroll of brand weapon
 F - a scroll of silence
 L - a scroll of amnesia
 N - 4 scrolls of summoning
Potions
 e - 18 potions of curing
 i - 5 potions of cancellation
 o - 5 potions of ambrosia
 p - 4 potions of berserk rage
 q - 3 potions of lignification
 A - 3 potions of haste
 C - a potion of heal wounds
 E - a potion of brilliance
 Q - 9 potions of resistance
 S - 4 potions of agility
 X - 5 potions of might
Books
 P - a manual of Unarmed Combat
Comestibles
 c - 6 chunks of flesh
 f - 68 rations


   Skills:
 + Level 18.3 Fighting
 * Level 20.7 Maces & Flails
 + Level 18.3 Armour
 * Level 14.5 Dodging
 + Level 12.8 Shields
 - Level 5.0 Spellcasting
 - Level 5.0 Hexes
 - Level 10.0 Invocations
 - Level 5.0 Evocations


You had 31 spell levels left.
You knew the following spells:

 Your Spells              Type           Power        Failure   Level  Hunger
a - Confusing Touch       Hex            ###...       4%          1    None

Your spell library contained the following spells:

 Spells                   Type           Power        Failure   Level  Hunger
 Corona                   Hex            ###....      4%          1    None
 Slow                     Hex            ###.....     8%          2    ##.....
 Freeze                   Ice            #...         36%         1    None
 Magic Dart               Conj           #...         36%         1    None
 Shock                    Conj/Air       #...         36%         1    None
 Summon Butterflies       Summ           #.......     36%         1    None
 Portal Projectile        Hex/Tloc       ##....       38%         3    ###....
 Blink                    Tloc           N/A          50%         2    ##.....
 Call Imp                 Summ           #.......     50%         2    ##.....
 Corpse Rot               Necr/Air       N/A          50%         2    ##.....
 Poisonous Vapours        Pois/Air       #.....       50%         2    ##.....
 Swiftness                Chrm/Air       #.......     50%         2    ##.....
 Conjure Flame            Conj/Fire      #.......     75%         3    ###....
 Gell's Gravitas          Tloc           #.........   75%         3    ###....
 Mephitic Cloud           Conj/Pois/Air  #.......     75%         3    ###....
 Regeneration             Chrm/Necr      #.........   75%         3    ###....
 Static Discharge         Conj/Air       #.......     75%         3    ###....
 Leda's Liquefaction      Hex/Erth       ##........   80%         4    ####...
 Airstrike                Air            #.........   98%         4    ####...
 Hailstorm                Conj/Ice       #.......     98%         4    ####...
 Summon Ice Beast         Ice/Summ       #.......     98%         4    ####...
 Summon Lightning Spire   Summ/Air       #.......     98%         4    ####...
 Metabolic Englaciation   Hex/Ice        ##........   98%         5    ######.
 Silence                  Hex/Air        ##........   98%         5    ######.
 Agony                    Necr           #.......     100%        5    ######.
 Bolt of Magma            Conj/Fire/Erth #.........   100%        5    ######.
 Dispel Undead            Necr           #.......     100%        5    ######.
 Excruciating Wounds      Chrm/Necr      #.........   100%        5    ######.
 Iskenderun's Battlesphe  Conj/Chrm      #.......     100%        5    ######.
 Lightning Bolt           Conj/Air       #.........   100%        5    ######.
 Summon Forest            Summ/Tloc      #.........   100%        5    ######.
 Conjure Ball Lightning   Conj/Air       #.........   100%        6    #######
 Darkness                 Hex            ###.......   100%        6    #######
 Deflect Missiles         Chrm/Air       #.........   100%        6    #######
 Dispersal                Tloc           #.........   100%        6    #######
 Freezing Cloud           Conj/Ice/Air   #.........   100%        6    #######
 Iron Shot                Conj/Erth      #.........   100%        6    #######
 Simulacrum               Ice/Necr       #.........   100%        6    #######
 Orb of Destruction       Conj           #.........   100%        7    #######
 Ring of Flames           Chrm/Fire      #.........   100%        7    #######
 Spellforged Servitor     Conj/Summ      #.........   100%        7    #######
 Controlled Blink         Tloc           N/A          100%        8    #######
 Disjunction              Tloc           #.........   100%        8    #######
 Shatter                  Erth           #.........   100%        9    #######
 Tornado                  Air            #.........   100%        9    #######
 Sublimation of Blood     Necr           Unusable     N/A         2    N/A
 Statue Form              Tmut/Erth      Unusable     N/A         6    N/A

Dungeon Overview and Level Annotations

Branches:
Dungeon (15/15)            Temple (1/1) D:4            Lair (6/6) D:8
 Shoals (4/4) Lair:3       Spider (4/4) Lair:4        Slime (0/5) Lair:5
    Orc (2/2) D:12            Elf (3/3) Orc:2        Vaults (4/5) D:14
  Crypt (0/3) Vaults:3     Depths (0/5) D:15         Bailey (visited)
  IceCv (visited)         Volcano (visited)

Altars:
Ashenzari
Cheibriados
Dithmenos
Elyvilon
Fedhas
Gozag
Hepliaklqana
Kikubaaqudgha
Makhleb
Nemelex Xobeh
Okawaru
Qazlal
Ru
Sif Muna
Trog
Uskayaw
Vehumet
Wu Jian
Xom
Yredelemnul
Zin
The Shining One

Shops:
D:4 :   D:12 }   Orc:2 !(=[   Elf:2 }=}   Shoals:1 (   Vaults:4 (

Portals:
Trove: D:14 (give +5 demon blade)


Innate Abilities, Weirdness & Mutations

You are resistant to torment.
Your stone body is resilient. (AC +17)
You are immune to poison.
Your large and strong wings let you fly indefinitely.
You resist negative energy. (rN+)
You are resistant to electric shocks. (rElec)
You can survive without breathing.
You are immune to petrification.
You are immune to rotting.
You are weak. (Str -2)


Message History

The deep elf high priest utters a dark prayer and points at you.
You are unaffected.
The deep elf annihilator casts a spell at you.
The crystal spear hits you!!
* * * LOW HITPOINT WARNING * * *
You block the small abomination's attack.
You feel much better.
The ghostly deep elf death mage is infused with unholy energy, but nothing happens.
You block the deep elf high priest's attack.
The small abomination hits you.
* * * LOW HITPOINT WARNING * * *
Unknown command.
You thump the ghostly deep elf death mage!
You destroy the ghostly deep elf death mage!
The Shining One accepts your kill.
You feel better.
You block the small abomination's attack.
The deep elf annihilator gestures at you while chanting.
The iron shot hits you!!!
You die...

......)......(##.......#
#..#..#.
.............###.......#
#..#..#. .............#
##.....## #..#..#.
.............# ##...##
#..#..#.
##.........#######'###
#))#..#.
.###########.......##
#..#..#. ..
...........### #..'..#<
e. .......).....#.
#..#(.#. ..
......x@e....'# #..#..#.
.. ......e.......#
#..#..#. ..
.....###.......##..#..#.
.. ....#
##......##..#..#. #.
...# ##.....##..#..#. ..
.....##..#..# .
.....##..#..# ....
#..#..## #..').).


You could see a deep elf annihilator, a deep elf high priest and a small
abomination.

Vanquished Creatures
  Nikola (Vaults:3)
  A lich (Vaults:3)
  2 deep elf blademasters
  A titan (Vaults:4)
  2 deep elf master archers (Elf:3)
  2 sphinxes (Vaults:4)
  2 krakens
  Donald (Vaults:4)
  Roxanne (Shoals:1)
  2 fire giants
  The ghost of Borgoz the Severer, a journeyman HOBe of Trog (Lair:6)
  2 ghost moths (Spider:4)
  3 frost giants
  7 deep elf sorcerers (Elf:3)
  14 vault wardens
  2 orc warlords
  The ghost of Ezab the Fighter, a journeyman MiFi of Okawaru (Lair:5)
  Louise (Shoals:4)
  2 emperor scorpions (Spider:4)
  Aizul (Shoals:1)
  5 deep elf elementalists (Elf:3)
  A war gargoyle (Vaults:4)
  A ghoul (Vaults:1)
  12 ironheart preservers
  3 very ugly things (D:14)
  3 entropy weavers
  6 stone giants
  The ghost of Ikhloorri the Fencer, a journeyman MiBe of Trog (D:14)
  6 deep elf demonologists
  Azrael (Spider:2)
  4 deep elf annihilators (Elf:3)
  The ghost of Osyocro the Severer, a journeyman MiBe of Trog (Lair:3)
  2 spark wasps (Spider:4)
  4 merfolk javelineers (Shoals:4)
  An ettin (Vaults:4)
  6 deep elf high priests
  6 merfolk impalers
  6 deep elf death magi
  2 fire dragons (Vaults:3)
  8 yaktaur captains
  The ghost of Gremour the Fighter, a journeyman GrMo of Okawaru (Orc:1)
  2 great orbs of eyes
  7 ogre magi
  A great orb of eyes (shapeshifter) (D:15)
  8 hydras
  Erolcha (Orc:1)
  4 ice dragons
  Harold (Orc:1)
  The ghost of casual the Blocker, a journeyman DsFi of Wu Jian (Orc:2)
  A catoblepas (Lair:5)
  6 vault guards
  5 merfolk avatars
  2 rakshasas
  23 two-headed ogres
  A deep troll shaman (Vaults:4)
  7 merfolk aquamancers
  9 centaur warriors
  5 death knights
  29 dancing weapons
  An alligator (Lair:5)
  4 orc high priests
  A deep troll earth mage (Vaults:1)
  A tengu warrior (D:15)
  A shock serpent (shapeshifter) (Vaults:1)
  17 deep elf knights
  3 shadow wraiths
  15 deep trolls
  4 skeletal warriors
  2 unseen horrors
  A flayed ghost (Vaults:4)
  11 deep elf archers
  4 wizards
  21 sea snakes
  A lindwurm (Lair:5)
  A tengu zombie (Vaults:1)
  Pikel (D:8)
  3 necromancers
  18 ironbrand convokers
  11 cyclopes
  2 orb spiders (shapeshifter)
  38 ugly things
  5 harpies
  7 fauns
  23 wolf spiders
  11 orc knights
  6 orb spiders
  58 deep elf magi
  A cyclops (shapeshifter) (Elf:1)
  5 oklob plants
  A salamander (Volcano)
  4 moths of wrath
  2 orc sorcerers (Orc:2)
  A tengu skeleton (Vaults:2)
  A stone giant zombie (Vaults:2)
  9 manticores
  8 black mambas
  8 elephants
  3 water nymphs
  2 ice statues (IceCv)
  10 merfolk sirens
  4 gargoyles
  A guardian serpent (Lair:6)
  11 vault sentinels
  3 torpor snails
  21 spiny frogs
  4 centaur skeletons
  A kobold demonologist (D:11)
  6 rime drakes
  4 freezing wraiths
  An efreet (D:15)
  8 komodo dragons
  2 yaktaurs (shapeshifter)
  12 demonic crawlers
  18 yaktaurs
  A queen bee (D:13)
  20 trolls
  The ghost of twoshot the Chopper, an amateur MiBe of Trog (D:4)
  40 jumping spiders
  A tengu conjurer (D:15)
  A harpy zombie (D:14)
  22 merfolk
  A polar bear (Lair:5)
  A tengu simulacrum (Vaults:2)
  4 wind drakes
  26 slime creatures
  3 meliai (D:13)
  12 hornets
  A slime creature (shapeshifter) (D:15)
  A hippogriff (shapeshifter) (Vaults:4)
  14 dream sheep
  8 snapping turtles
  A frost giant simulacrum (Vaults:2)
  20 hippogriffs
  A stone giant simulacrum (Vaults:1)
  7 blink frogs
  Sigmund (D:5)
  78 redbacks
  An ettin skeleton (Vaults:2)
  A spriggan (Lair:5)
  A tarantella (shapeshifter) (Vaults:2)
  11 water elementals
  3 wraiths
  23 tarantellas
  38 yaks
  12 wyverns
  2 fire bats (Volcano)
  A yak (shapeshifter) (Vaults:2)
  9 humans (D:14)
  6 basilisks
  2 hungry ghosts
  3 fire elementals
  2 vampire mosquitoes (D:15)
  A golden eye (shapeshifter) (Vaults:3)
  Menkaure (D:6)
  9 wargs
  Edmund (D:6)
  An acid dragon (shapeshifter) (Elf:1)
  An elf skeleton (Vaults:1)
  An acid dragon (D:11)
  14 water moccasins
  3 hell hounds
  A meliai simulacrum (D:15)
  8 porcupines
  4 slaves (D:8)
  11 ice beasts
  2 sky beasts
  3 hornet zombies
  56 orc warriors
  4 black bears
  5 phantoms
  42 ogres
  An eye of draining (D:9)
  3 boggarts (D:15)
  12 centaurs
  7 wolves
  8 crocodiles
  A yaktaur zombie (Vaults:1)
  2 big kobolds
  2 human zombies
  20 bullfrogs
  5 earth elementals
  3 wyvern zombies
  2 scorpions
  36 killer bees
  2 howler monkeys
  12 wights
  5 electric eels
  9 crimson imps
  3 bullfrog zombies
  3 quasits
  8 hounds
  7 jellies
  Crazy Yiuf (D:6)
  28 orc priests
  2 bullfrog skeletons
  A gnoll shaman (D:6)
  5 iguanas
  35 orc wizards
  8 worker ants
  Terence (D:2)
  A hound skeleton (D:9)
  A mummy (D:7)
  Robin (D:2)
  24 gnolls
  A howler monkey skeleton (D:6)
  20 adders
  6 shadow imps
  5 oozes (Lair:5)
  4 adder skeletons
  A worm (D:2)
  3 dart slugs
  5 leopard geckos
  104 orcs
  9 giant cockroaches
  24 hobgoblins
  6 jackals (D:2)
  5 quokkas
  A ball python (D:4)
  6 bats
  6 frilled lizards
  29 goblins
  21 kobolds
  A leopard gecko skeleton (D:9)
  A leopard gecko zombie (D:7)
  3 rats (D:1)
  2 crawling corpses (Elf:3)
  A fungus (Lair:6)
  3 plants
  2 tentacles (Shoals:4)
1740 creatures vanquished.

Vanquished Creatures (collateral kills)
  An ogre mage (Orc:2)
  2 two-headed ogres (Orc:2)
  A troll (Orc:2)
  4 ogres (Orc:2)
  An orc wizard (Orc:2)
  An orc (Orc:2)
10 creatures vanquished.

Vanquished Creatures (others)
  A stone giant (Vaults:4)
  A merfolk aquamancer (Shoals:4)
  A dancing weapon (Elf:2)
  2 deep elf archers
  3 deep elf magi
  3 yaktaurs
  A human (D:14)
  A centaur (Volcano)
  An orc wizard (D:12)
  7 fungi
  14 plants
  6 tentacles
  5 toadstools (Lair:5)
46 creatures vanquished.

Grand Total: 1796 creatures vanquished

Notes
Turn   | Place    | Note
-------+----------+-------------------------------------------
     0 | D:1      | Borgoz the Gargoyle Fighter began the quest for the Orb.
     0 | D:1      | Reached XP level 1. HP: 14/14 MP: 1/1
   239 | D:1      | Reached XP level 2. HP: 19/19 MP: 2/2
   959 | D:2      | Reached XP level 3. HP: 19/23 MP: 3/3
   964 | D:2      | Reached skill level 3 in Maces & Flails
  1087 | D:2      | Reached XP level 4. HP: 17/29 MP: 4/4
  1237 | D:2      | Noticed Robin
  1238 | D:2      | Noticed Terence
  1289 | D:2      | Killed Terence
  1299 | D:2      | Killed Robin
  1299 | D:2      | Reached XP level 5. HP: 25/33 MP: 5/5
  1907 | D:3      | Reached skill level 4 in Maces & Flails
  1915 | D:3      | Found a bloodstained altar of Trog.
  1972 | D:3      | You fall into a shaft and drop 3 floors!
  2140 | D:6      | Noticed a centaur
  2149 | D:6      | Reached XP level 6. HP: 31/39 MP: 6/6
  2154 | D:6      | Noticed Edmund
  2168 | D:6      | Reached skill level 5 in Maces & Flails
  2198 | D:6      | Reached skill level 5 in Fighting
  2201 | D:6      | Reached skill level 5 in Armour
  2201 | D:6      | Reached XP level 7. HP: 40/44 MP: 7/7
  2232 | D:6      | Killed Edmund
  2238 | D:6      | Reached skill level 6 in Maces & Flails
  2478 | D:5      | Entered Level 5 of the Dungeon
  2478 | D:5      | Noticed Sigmund
  2488 | D:5      | Killed Sigmund
  2488 | D:5      | Reached XP level 8. HP: 50/51 MP: 8/8
  2489 | D:5      | Found a shadowy altar of Dithmenos.
  2536 | D:5      | Reached skill level 7 in Maces & Flails
  2646 | D:4      | Noticed twoshot's ghost (amateur MiBe)
  2703 | D:4      | Found a runed translucent gate.
  2703 | D:4      | Found a runed translucent gate.
  2703 | D:4      | Found a runed translucent gate.
  3504 | D:4      | Found Idwikkem's Book Shoppe.
  3538 | D:4      | Found an iron altar of Okawaru.
  3636 | D:4      | Reached skill level 8 in Maces & Flails
  3671 | D:4      | Reached XP level 9. HP: 48/56 MP: 9/9
  3728 | D:4      | Found a staircase to the Ecumenical Temple.
  4442 | D:6      | Noticed Menkaure
  4449 | D:6      | Killed Menkaure
  4689 | D:6      | You fall into a shaft and drop 3 floors!
  4689 | D:9      | Found a hazy altar of Hepliaklqana.
  4690 | D:9      | Noticed a troll
  4700 | D:9      | Killed a troll
  4736 | D:9      | Reached skill level 9 in Maces & Flails
  5000 | D:9      | Found a sacrificial altar of Ru.
  5536 | Temple   | Entered the Ecumenical Temple
  5545 | Temple   | Became a worshipper of the Shining One
  6026 | D:6      | Found a runed translucent door.
  6027 | D:6      | Noticed Crazy Yiuf
  6396 | D:6      | Killed Crazy Yiuf
  6408 | D:6      | Got a brightly glowing mace
  6412 | D:6      | Identified the +8 mace "Ditichaz" {flame, rElec rPois rF+
                  | Dex+3} (You found it on level 6 of the Dungeon)
  6750 | D:7      | Reached skill level 10 in Maces & Flails
  6750 | D:7      | Reached XP level 10. HP: 64/64 MP: 10/10
  6754 | D:7      | Reached * piety under the Shining One
  6836 | D:7      | Found a snail-covered altar of Cheibriados.
  7045 | D:8      | Found a staircase to the Lair.
  7147 | D:8      | Noticed Pikel
  7180 | D:8      | Killed Pikel
  7262 | D:8      | Got an ancient leather armour
  7273 | D:8      | Identified the +7 leather armour of Lotim {Dex+5} (You
                  | found it on level 8 of the Dungeon)
  7360 | D:8      | Got a slimy war axe
  7554 | D:9      | Noticed a manticore
  7556 | D:9      | Killed a manticore
  7556 | D:9      | Noticed an unseen horror
  7572 | D:9      | Killed an unseen horror
  7572 | D:9      | Reached skill level 1 in Dodging
  7572 | D:9      | Reached skill level 1 in Invocations
  7679 | D:9      | Reached ** piety under the Shining One
  8159 | D:9      | Noticed a two-headed ogre
  8169 | D:9      | Killed a two-headed ogre
  8169 | D:9      | Reached skill level 11 in Maces & Flails
  8169 | D:9      | Reached XP level 11. HP: 56/71 MP: 12/12
  8212 | D:10     | Entered Level 10 of the Dungeon
  8212 | D:10     | Found a flagged portal.
  8325 | Bailey   | Entered a bailey
  8520 | Bailey   | Noticed an orc knight
  8539 | Bailey   | Killed an orc knight
  8599 | Bailey   | Noticed an orc warlord
  8631 | Bailey   | Killed an orc warlord
  8631 | Bailey   | Reached skill level 10 in Fighting
  8631 | Bailey   | Reached skill level 10 in Armour
  8688 | Bailey   | Reached skill level 5 in Shields
  9031 | D:10     | Reached *** piety under the Shining One
  9548 | D:10     | Got a slimy flail
  9549 | D:10     | Identified the +6 flail of Xeuhyl {crush, +Rage rC+ Str+2
                  | Int-3} (You found it on level 10 of the Dungeon)
 10390 | D:11     | Reached XP level 12. HP: 79/79 MP: 15/15
 10507 | D:11     | Noticed a two-headed ogre
 10514 | D:11     | Killed a two-headed ogre
 10608 | D:11     | Reached skill level 12 in Maces & Flails
 10801 | D:11     | Identified a scroll of acquirement
 10802 | D:11     | Reached skill level 5 in Dodging
 10802 | D:11     | Reached XP level 13. HP: 84/84 MP: 16/16
 10803 | D:11     | Gained mutation: Your large and strong wings let you fly
                  | indefinitely. [Gargoyle growth]
 10803 | D:11     | Reached XP level 14. HP: 91/91 MP: 17/17
 10822 | D:11     | Reached skill level 13 in Maces & Flails
 11206 | D:12     | Found Riop's Gadget Shoppe.
 11293 | D:12     | Reached **** piety under the Shining One
 11602 | D:12     | Reached skill level 5 in Invocations
 11648 | D:12     | Found a staircase to the Orcish Mines.
 12173 | D:13     | Identified the +9 war axe of the Scorpion {pain, MR+ Str+4}
                  | (You found it on level 8 of the Dungeon)
 13130 | D:14     | Reached ***** piety under the Shining One
 13311 | D:14     | Found a shimmering altar of Xom.
 13311 | D:14     | Noticed Ikhloorri's ghost (journeyman MiBe)
 13312 | D:14     | Found a runed translucent door.
 13989 | D:14     | Found a portal to a secret trove of treasure.
 14369 | D:4      | Killed twoshot's ghost
 14797 | D:14     | Found a gate to the Vaults.
 15417 | Lair:1   | Entered Level 1 of the Lair of Beasts
 15475 | Lair:1   | Reached skill level 14 in Maces & Flails
 15475 | Lair:1   | Reached XP level 15. HP: 55/99 MP: 18/18
 15865 | Lair:1   | You are sucked into a shaft and drop 1 floor!
 17142 | Lair:3   | Found a frozen archway.
 17210 | IceCv    | Entered an ice cave
 17234 | IceCv    | Found a transporter.
 17239 | IceCv    | Got a steaming scale mail
 17293 | IceCv    | Identified the +1 scale mail of Evolution {Str+4 Int+3}
                  | (You found it in an ice cave)
 17328 | IceCv    | Found a transporter.
 17773 | Lair:3   | Noticed Osyocro's ghost (journeyman MiBe)
 17778 | Lair:3   | Found a runed translucent door.
 17810 | Lair:3   | Killed Osyocro's ghost
 18048 | Lair:3   | Found a staircase to the Shoals.
 19033 | Lair:4   | Found a glowing golden altar of the Shining One.
 19338 | Lair:4   | Found a hole to the Spider Nest.
 19390 | Lair:5   | Found a runed translucent door.
 19392 | Lair:5   | Noticed Ezab's ghost (journeyman MiFi)
 19428 | Lair:5   | Found a staircase to the Slime Pits.
 19563 | Lair:5   | Found a shimmering altar of Xom.
 20200 | Lair:5   | Found a runed translucent door.
 20526 | Lair:5   | Reached skill level 15 in Maces & Flails
 20755 | Lair:5   | Got a blackened dire flail
 20773 | Lair:5   | Identified the +4 dire flail of Death's Door {drain, +Fly
                  | rElec MR+ Str-3} (You found it on level 5 of the Lair of
                  | Beasts)
 20861 | Lair:5   | Reached ****** piety under the Shining One
 21573 | Lair:5   | Reached XP level 16. HP: 107/107 MP: 19/19
 21621 | Lair:5   | Killed Ezab's ghost
 21864 | Lair:6   | Entered Level 6 of the Lair of Beasts
 21871 | Lair:6   | Reached skill level 1 in Evocations
 21981 | Lair:6   | Found a large runed translucent door.
 21981 | Lair:6   | Found a large runed translucent door.
 21983 | Lair:6   | Noticed Borgoz's ghost (journeyman HOBe)
 22002 | Lair:6   | Killed Borgoz's ghost
 22112 | Lair:6   | Found a dark tunnel.
 22117 | Volcano  | Entered a volcano
 23002 | Lair:6   | Got a heavy robe
 23145 | Lair:6   | Identified the cursed +0 robe of the Pits of Slime {rElec
                  | Regen+} (You found it on level 6 of the Lair of Beasts)
 23899 | Lair:1   | Reached XP level 17. HP: 112/112 MP: 21/21
 24213 | D:14     | Killed Ikhloorri's ghost
 24213 | D:14     | Reached skill level 15 in Fighting
 24220 | D:14     | Reached skill level 15 in Armour
 24376 | D:14     | Got a twisted great sword
 24387 | D:14     | Identified the +7 great sword "Ogre's Undoing" {flame,
                  | Str+5 Dex+2} (You found it on level 14 of the Dungeon)
 24484 | D:15     | Entered Level 15 of the Dungeon
 24547 | D:15     | Found a staircase to the Depths.
 24967 | D:15     | Reached skill level 16 in Maces & Flails
 26480 | Orc:1    | Entered Level 1 of the Orcish Mines
 26480 | Orc:1    | Found a transporter.
 26481 | Orc:1    | Noticed Erolcha
 26493 | Orc:1    | Killed Erolcha
 26539 | Orc:1    | Found a transporter.
 26824 | Orc:1    | Noticed Gremour's ghost (journeyman GrMo)
 27109 | Orc:1    | Killed Gremour's ghost
 27123 | Orc:1    | Identified the Compendium of Bewitchment
 27388 | Orc:2    | Entered Level 2 of the Orcish Mines
 27414 | Orc:1    | Reached XP level 18. HP: 65/119 MP: 23/23
 29264 | Orc:2    | Found Kinigh's Antique Armour Shoppe.
 29269 | Orc:2    | Found Aweelak's Jewellery Emporium.
 29280 | Orc:2    | Found Hauqodig's Weapon Shop.
 29415 | Orc:2    | Found a staircase to the Elven Halls.
 29585 | Orc:2    | Found a runed translucent door.
 29627 | Orc:1    | Noticed Harold
 29653 | Orc:1    | Killed Harold
 29812 | Orc:2    | Found Gaexze Agymn's Distillery.
 29815 | Orc:2    | Bought 2 throwing nets for 72 gold pieces
 29929 | Orc:2    | Noticed casual's ghost (journeyman DsFi)
 30009 | Orc:2    | Reached skill level 5 in Evocations
 30209 | Orc:2    | Killed casual's ghost
 30217 | Orc:2    | Got a distressingly furry robe
 30265 | Orc:2    | Bought an uncursed amulet of guardian spirit for 330 gold
                  | pieces
 30265 | Orc:2    | Bought the ring of Xom's Capriciousness {rN+ MR+ Slay+5}
                  | for 589 gold pieces
 30275 | Orc:2    | Bought a runed shield for 232 gold pieces
 30299 | Orc:2    | Bought a potion of resistance for 170 gold pieces
 30299 | Orc:2    | Bought a potion of ambrosia for 136 gold pieces
 30299 | Orc:2    | Bought a potion of berserk rage for 85 gold pieces
 30299 | Orc:2    | Bought a potion of resistance for 170 gold pieces
 30299 | Orc:2    | Bought a potion of might for 68 gold pieces
 30533 | Lair:1   | Identified the cursed +0 robe "Yjov" {rPois Str+3 Dex+2}
                  | (You found it on level 2 of the Orcish Mines)
 30614 | Shoals:1 | Entered Level 1 of the Shoals
 31037 | Shoals:1 | Noticed Aizul
 31065 | Shoals:1 | Reached skill level 10 in Dodging
 31075 | Shoals:1 | Killed Aizul
 31445 | Shoals:1 | Found Cuuffohaesch's Weapon Shoppe.
 31455 | Shoals:1 | Noticed Roxanne
 31483 | Shoals:1 | Killed Roxanne
 31722 | Shoals:1 | Learned a level 1 spell: Confusing Touch
 31742 | Shoals:1 | Reached skill level 17 in Maces & Flails
 33055 | Shoals:3 | Found a glowing silver altar of Zin.
 33153 | Shoals:4 | Entered Level 4 of the Shoals
 33751 | Shoals:3 | Reached XP level 19. HP: 44/125 MP: 10/25
 34574 | Shoals:4 | Identified the Disquisition on Summoning and Ice
 34681 | Shoals:4 | Noticed Louise
 34689 | Shoals:4 | Killed Louise
 34752 | Shoals:4 | Got a barnacled rune of Zot
 36452 | D:5      | Got a heavily jewelled robe
 36453 | D:5      | Identified the cursed +0 robe of the Beggar {rN+ Int-3
                  | Dex+3} (You found it on level 5 of the Dungeon)
 36649 | Spider:1 | Entered Level 1 of the Spider Nest
 37351 | Spider:1 | Reached skill level 1 in Hexes
 38483 | Spider:2 | Noticed Azrael
 38498 | Spider:2 | Killed Azrael
 38498 | Spider:2 | Reached skill level 18 in Maces & Flails
 38968 | Spider:3 | Reached skill level 10 in Invocations
 39746 | Spider:4 | Entered Level 4 of the Spider Nest
 40130 | Spider:4 | Reached XP level 20. HP: 129/132 MP: 27/27
 41406 | Spider:4 | Got a gossamer rune of Zot
 42119 | Vaults:1 | Entered Level 1 of the Vaults
 42278 | D:14     | Reached skill level 10 in Shields
 43736 | Vaults:1 | Got a heavily runed granite ring
 43989 | Vaults:1 | Identified the cursed ring "Plog" {MR+ Str-6} (You found it
                  | on level 1 of the Vaults)
 45199 | Vaults:2 | Reached XP level 21. HP: 123/139 MP: 24/28
 45507 | Vaults:2 | Reached skill level 19 in Maces & Flails
 45681 | Vaults:2 | Reached skill level 5 in Hexes
 45996 | Vaults:2 | Identified Icrihef's Guide on Supportive Ice
 47454 | Vaults:3 | Noticed Nikola
 47474 | Vaults:3 | Killed Nikola
 48002 | Vaults:3 | Reached skill level 1 in Spellcasting
 48009 | Vaults:3 | Gained mutation: You are weak. (Str -2) [a neqoxec]
 48157 | Vaults:3 | Found a staircase to the Crypt.
 48706 | Vaults:4 | Found Yriupt's Weapon Emporium.
 48717 | Vaults:4 | Paralysed by a sphinx for 4 turns
 48754 | Vaults:4 | HP: 7/140 [vault warden/+1 long sword of freezing (2)]
 49271 | Vaults:4 | Noticed Donald
 49286 | Vaults:4 | Killed Donald
 49970 | Vaults:4 | Reached XP level 22. HP: 145/145 MP: 29/29
 51687 | Elf:1    | Entered Level 1 of the Elven Halls
 51707 | Elf:1    | Reached skill level 20 in Maces & Flails
 53065 | Elf:1    | Got a crystal falchion
 53071 | Elf:1    | Identified the +10 falchion of the Eight Beggars {freeze,
                  | Int+3} (You found it on level 1 of the Elven Halls)
 53190 | Elf:2    | Found Udojujoe's Jewellery Shop.
 53194 | Elf:2    | Found Livusu Lowe's Gadget Emporium.
 53194 | Elf:2    | Found Veops's Gadget Emporium.
 53424 | Elf:2    | Found a radiant altar of Vehumet.
 53981 | Elf:2    | Reached skill level 5 in Spellcasting
 54222 | Elf:2    | Found a runed translucent gate.
 54222 | Elf:2    | Found a runed translucent gate.
 54223 | Elf:2    | Found a runed translucent gate.
 54457 | Elf:3    | Entered Level 3 of the Elven Halls
 54724 | Elf:3    | Reached XP level 23. HP: 152/152 MP: 30/30
 55845 | Elf:3    | Identified Lanuyg's Guide on the Lucky Frostbite
 55849 | Elf:3    | Got a flickering turquoise ring
 55888 | Elf:3    | Killed from afar by a deep elf annihilator

Levels and vault maps discovered:
D:1:      ncdulo_wetmaze, layout_loops_corners
D:2:      layout_basic, kennysheep_generic_room_8, uniq_terence, uniq_robin
D:3:      layout_basic, trog_three_pillars_becter
D:4:      black_bear_nest_1, layout_loops_ring,
          minmay_temple_entry_statues_pillars, serial_shops, shop,
          gammafunk_ghost_split, small_statue_intersection, okawaru_trees_1
D:5:      layout_rooms, first_ration, grunt_decor_one_mirror,
          grunt_dithmenos_smoke, uniq_sigmund
D:6:      layout_layer_cave, corexii_checkpoint_a, uniq_menkaure, uniq_edmund,
          uniq_crazy_yiuf_cottage
D:7:      layout_loops_cross, slow_altar_2
D:8:      layout_rooms, lair_entry_dummy, kennysheep_generic_room_9, uniq_pikel
D:9:      hangedman_cross_cluster, layout_irregular_city, basic_altar
D:10:     layout_stronghold, enter_bailey_6, grunt_ogre_cave,
          small_statue_intersection
D:11:     layout_basic
D:12:     layout_roguey, erik_orc_2, serial_shops, shop_statue
D:13:     layout_roguey [special_room_bee]
D:14:     layout_stronghold, ximxim_vaults_locker_room,
          hangedman_abyss_or_decor_stagger, ebering_ghost_xom, enter_trove_0
D:15:     grunt_enter_depths_giant_problem, layout_loops_ring
Temple:   nicolae_temple_the_god_donut
Lair:1:   layout_chaotic_city
Lair:2:   layout_gridlike, grunt_megastairs_2
Lair:3:   layout_loops_ring, elwin_shoals_entry_stream, portal_ice_cave_rime,
          hellmonk_ghost_happy_afterlife
Lair:4:   layout_gridlike, spider_nest_entry_funnel_web, basic_altar,
          lemuel_fruit_fields
Lair:5:   gammafunk_lair_enchanted_lake, layout_regular_city,
          nicolae_slime_entry_slimehenge, basic_altar,
          ebering_ghost_inner_flame, forest_entry_grove,
          minmay_lair_oklob_chamber
Lair:6:   hangedman_lair_tendril_chambers, layout_regular_city, enter_volcano_4,
          ebering_ghost_disaster_area
Shoals:1: layout_shoals, serial_shops, shop_statue, uniq_roxanne, uniq_aizul
Shoals:2: layout_shoals, nicolae_shoals_loop_pool
Shoals:3: cheibrodos_shoals_three_sisters, layout_shoals, lemuel_oklob_altar
Shoals:4: shoals_end_grunt_ice, layout_shoals, uniq_louise
Spider:1: layout_spider_delve, guppyfry_spider_mini_2
Spider:2: layout_spider_delve, uniq_azrael
Spider:3: layout_spider_delve
Spider:4: spider_rune_water
Orc:1:    layout_caves, gammafunk_ghost_arena, uniq_harold, uniq_erolcha
Orc:2:    st_orc_open, layout_diamond_mine, ebering_ghost_inner_flame,
          special_room
Elf:1:    minmay_elf_arrival_summoners, layout_onion_city,
          kennysheep_underground_church
Elf:2:    layout_gridlike, basic_altar, minmay_shop_grove
Elf:3:    nooodl_elf_gasket, layout_onion_city
Vaults:1: hangedman_vaults_stitches, hangedman_vaults_cutoff,
          nicolae_vaults_ring_of_whatevers, nicolae_vaults_little_squares_4,
          nicolae_vaults_windows_and_doors_thing, grunt_vaults_swirl, v_misc_23,
          vaults_mumra_minichess_inversion, vaults_room_ringed_pool, v_rooms_5,
          nicolae_vaults_little_squares_3, vaults_dpeg_ring,
          layout_vaults_omnicross
Vaults:2: v_pattern_2, nicolae_vaults_display_case, hangedman_vaults_unwind,
          nicolae_vaults_big_angled_halls, hangedman_vaults_restitches,
          vaults_room_stairs_pillars, vaults_room_grid, vaults_standard_mumra_x,
          nicolae_vaults_sealed_display, ontoclasm_vaults_ring_small,
          grunt_vaults_hallway_short, v_misc_11, layout_vaults_maze_bifur
Vaults:3: nicolae_vaults_circle_grid_b, hangedman_vaults_cutoff,
          ontoclasm_vaults_bender, ontoclasm_vaults_ring_large, v_misc_12,
          v_misc_14, minmay_crypt_entry_nasty_monster,
          hangedman_vaults_corner_blocks, vaults_room_hallway, vaults_mumra_hex,
          layout_vaults_chaotic_city, uniq_nikola
Vaults:4: nicolae_vaults_big_ls, ontoclasm_vaults_decontamination,
          nicolae_vaults_halls_meeting, vaults_mumra_chevron, v_misc_28,
          nicolae_vaults_back_hallway, vaults_room_fancy_cross, v_misc_31,
          vaults_mumra_hexcomb, grunt_vaults_hallway_long,
          dpeg_vaults_monster_box, layout_vaults_omnibox, uniq_donald

Skill      XL: |  1  2  3  4  5  6  7  8  9 10 11 12 13 14 15 16 17 18 19 20 21 22 |
---------------+-------------------------------------------------------------------+-----
Maces & Flails | 3 4 5 6 8 10 11 12 14 15 16 17 18 19 20 | 20.7
Fighting       | 4 5 6 8 9 10 11 13 14 15 16 17 18 | 18.3
Armour         | 4 5 6 8 9 10 11 13 14 15 16 17 18 | 18.3
Dodging        | 1 3 5 6 7 8 9 10 11 12 13 14 | 14.5
Invocations    | 2 4 5 6 7 9 10 | 10.0
Shields        | 4 5 6 7 8 9 10 11 12 | 12.8
Evocations     | 2 4 5 |  5.0
Hexes          | 2 4 5 |  5.0
Spellcasting   | 2 5 |  5.0

Action                   |  1- 3 |  4- 6 |  7- 9 | 10-12 | 13-15 | 16-18 | 19-21 | 22-24 || total
-------------------------+-------+-------+-------+-------+-------+-------+-------+-------++-------
Melee: Flail             |   114 |       |       |   106 |  1127 |  1423 |  2061 |   884 ||  5715
       Whip              |    44 |    95 |       |       |       |       |       |       ||   139
       Morningstar       |       |   115 |    66 |       |       |       |       |       ||   181
       Dire flail        |       |       |   251 |       |       |       |       |       ||   251
       Mace              |       |       |    55 |   364 |       |       |       |       ||   419
Throw: Throwing net      |       |       |     1 |       |     1 |       |     1 |       ||     3
Invok: Divine Shield     |       |       |       |       |       |       |     2 |       ||     2
 Abil: Fly               |       |       |       |       |     1 |       |       |       ||     1
       Evoke Berserk Rag |       |       |       |       |     2 |     4 |     3 |     1 ||    10
  Use: Scroll            |       |     5 |    11 |     5 |    12 |    16 |    13 |     3 ||    65
       Potion            |       |     2 |     2 |     3 |     4 |     4 |     4 |     1 ||    20
 Stab: Invisible         |       |       |     1 |       |       |       |       |       ||     1
  Eat: Chunk             |     1 |    23 |    12 |    21 |    41 |    37 |    46 |    21 ||   202
       Ration            |       |       |       |       |       |       |     3 |       ||     3
Armor: Scale mail        |    20 |       |       |       |   176 |   597 |   978 |   309 ||  2080
       Plate armour      |    95 |   205 |   356 |    62 |       |       |       |       ||   718
       Leather armour    |       |       |       |   139 |   249 |       |       |       ||   388
Dodge: Dodged            |    25 |    35 |   108 |   175 |   481 |   740 |  1034 |   337 ||  2935
Block: Shield            |    87 |   133 |    77 |   256 |   544 |   502 |  1402 |   520 ||  3521
       Buckler           |       |       |       |       |       |   153 |       |       ||   153
       Reflection        |       |       |       |       |       |       |    56 |    43 ||    99

Table legend:
 A = Non-vault XP
 B = Vault XP
 C = Vault XP percentage of total XP
 D = Non-vault monster count
 E = Vault monster count
 F = Vault count percentage of total count
                 A         B        C        D         E       F
            +---------+---------+-------+---------+---------+-------
      Total |  346371 |  318646 |  47.9 |    1124 |     624 |  35.7
            +---------+---------+-------+---------+---------+-------
        D:1 |      28 |       0 |   0.0 |      19 |       0 |   0.0
        D:2 |      87 |      70 |  44.6 |      27 |      13 |  32.5
        D:3 |     146 |       0 |   0.0 |      24 |       0 |   0.0
        D:4 |     413 |     457 |  52.5 |      13 |       3 |  18.8
        D:5 |     580 |     227 |  28.1 |      10 |       1 |   9.1
        D:6 |     971 |     379 |  28.1 |      24 |       5 |  17.2
        D:7 |    1060 |      18 |   1.7 |      25 |       1 |   3.8
        D:8 |     522 |     710 |  57.6 |      15 |       2 |  11.8
        D:9 |    2303 |    1886 |  45.0 |      24 |      19 |  44.2
       D:10 |    3441 |     127 |   3.6 |      25 |       1 |   3.8
       D:11 |    3714 |       0 |   0.0 |      24 |       0 |   0.0
       D:12 |    6156 |     634 |   9.3 |      38 |      20 |  34.5
       D:13 |    6109 |    2513 |  29.1 |      37 |      25 |  40.3
       D:14 |    7882 |   14051 |  64.1 |      32 |      21 |  39.6
       D:15 |   21409 |    1835 |   7.9 |      60 |       1 |   1.6
     Lair:1 |    3656 |       0 |   0.0 |      13 |       0 |   0.0
     Lair:2 |    2513 |       0 |   0.0 |      14 |       0 |   0.0
     Lair:3 |    6590 |    3604 |  35.4 |      24 |       7 |  22.6
     Lair:4 |   10464 |     805 |   7.1 |      38 |       2 |   5.0
     Lair:5 |    6367 |    9847 |  60.7 |      26 |      31 |  54.4
     Lair:6 |    9037 |   12519 |  58.1 |      24 |      37 |  60.7
   Shoals:1 |   15060 |    3566 |  19.1 |      25 |       2 |   7.4
   Shoals:2 |   16791 |       0 |   0.0 |      34 |       0 |   0.0
   Shoals:3 |    5234 |    8947 |  63.1 |      12 |      12 |  50.0
   Shoals:4 |    8311 |   21887 |  72.5 |      17 |      31 |  64.6
   Spider:1 |   10542 |    1671 |  13.7 |      30 |       7 |  18.9
   Spider:2 |   11268 |    1970 |  14.9 |      32 |       5 |  13.5
   Spider:3 |   13336 |       0 |   0.0 |      50 |       0 |   0.0
   Spider:4 |   10702 |   20204 |  65.4 |      28 |      42 |  60.0
      Orc:1 |    5801 |    4585 |  44.1 |      40 |       8 |  16.7
      Orc:2 |    6158 |   14141 |  69.7 |      54 |      36 |  40.0
      Elf:1 |   21722 |    6952 |  24.2 |      37 |      12 |  24.5
      Elf:2 |   13347 |   23459 |  63.7 |      29 |      28 |  49.1
      Elf:3 |   13017 |   43174 |  76.8 |      24 |      34 |  58.6
   Vaults:1 |   23053 |   23914 |  50.9 |      41 |      42 |  50.6
   Vaults:2 |   27346 |   16711 |  37.9 |      60 |      27 |  31.0
   Vaults:3 |   16129 |   21800 |  57.5 |      27 |      21 |  43.8
   Vaults:4 |   35106 |   46316 |  56.9 |      48 |      41 |  46.1
     Bailey |       0 |    4328 | 100.0 |       0 |      69 | 100.0
      IceCv |       0 |    2800 | 100.0 |       0 |      10 | 100.0
    Volcano |       0 |    2539 | 100.0 |       0 |       8 | 100.0
            +---------+---------+-------+---------+---------+-------
